AoeStats
← LiyCoh

Arabian Desert

510121035Analyzed
1v1 RM · 4d ago on Sep 29, 2026· 31m 18s· 2 players
Game mode
Random Map
Map size
Tiny (2 player)
Population
200
Speed
Normal
Resources
Standard
Victory
Conquest
Starting age
Dark Age
Ending age
Imperial Age
RankedLock teamsTeams togetherTeam positionsShared explorationLock speedFull tech treeHidden civsTurbo modeCheats
Victory
Defeat
🇹🇷 Vikings · Türkiye
2003
+14
🇧🇪 Ethiopians · Belgium
1961
-14
LiyCoh
9:18 Feudal Age
7:35 Loom
9:37 Loom
9:23 Man-at-Arms
9:49 Double-Bit Axe
16:42 Fletching
19:10 Wheelbarrow
22:06 Castle Age
22:24 Gold Mining
22:41 Bodkin Arrow
22:10 Crossbowman
23:15 Padded Archer Armor
29:59 Horse Collar
31:02 Hand Cart
fefefef
6:27 Loom
9:08 Feudal Age
9:18 Man-at-Arms
9:49 Double-Bit Axe
19:30 Castle Age
18:05 Fletching
18:15 Padded Archer Armor
18:47 Horse Collar
19:33 Elite Skirmisher
20:09 Bodkin Arrow
27:58 Ballistics
27:59 Leather Archer Armor
29:31 Bow Saw
30:13 Scale Mail Armor
31:00 Gold Mining
Connection lost

Rejoining the realm…

Still unreachable

The connection could not be restored.

Session expired

The server has moved on; the page needs a fresh start.